 Dungeon Crawl Stone Soup version 0.28-a0-661-g144af121cd (webtiles) character file.

Game seed: 16592697038514928958

299 MacCMillion the Magician (level 6, -6/43 HPs)
             Began as a Djinni Venom Mage on Oct 14, 2021.
             Killed by divine providence
             ... invoked by an orc priest
              (14 damage)
             ... on level 4 of the Dungeon.
             The game lasted 00:14:29 (5702 turns).

MacCMillion the Magician (Djinni Venom Mage)        Turns: 5702, Time: 00:14:29

Health: -6/43      AC:  2    Str:  8    XL:     6   Next: 63%
Gold:   145        EV: 12    Int: 17    God:
                   SH:  0    Dex: 14

rFire   + + .      SeeInvis .   b - +0 dagger
rCold   x . .      Faith    .   (no shield)
rNeg    . . .      Spirit   .   a - +0 robe
rPois   ∞          Reflect  .   (no helmet)
rElec   .          Harm     .   (no cloak)
rCorr   .          Rampage  .   (no gloves)
Will    .....                   (boots unavailable)
Stlth   ++........              (no amulet)
HPRegen 0.14/turn               (no ring)
MPRegen 0.00/turn               (no ring)

@: flying
A: sickness immunity, fire resistance 2, cold vulnerability 1, float, innate
caster, hp casting, extra vitality 1
a: no special abilities


You were on level 4 of the Dungeon.
You visited 1 branch of the dungeon, and saw 4 of its levels.

You collected 145 gold pieces.

Inventory:

Hand Weapons
 b - a +0 dagger (weapon)
Missiles
 e - 2 silver javelins
 f - 20 poisoned darts
 p - 6 boomerangs
 r - 2 javelins
Armour
 a - a +0 robe (worn)
Jewellery
 g - an amulet of reflection
 q - an amulet of reflection
Wands
 n - a wand of polymorph (3)
Scrolls
 c - a scroll of fear {unknown}
 d - a scroll of acquirement {unknown}
 h - 2 scrolls of teleportation
 i - a scroll of holy word {unknown}
 k - a scroll of silence {unknown}
 m - a scroll of noise {unknown}
 s - a scroll of identify {unknown}
 v - a scroll of enchant armour {unknown}
Potions
 j - a potion of ambrosia {unknown}
 l - a potion of heal wounds {unknown}
 o - a potion of attraction {unknown}
 t - a potion of invisibility {unknown}
 u - a potion of flight {unknown}


   Skills:
 * Level 2.0 Fighting
 + Level 0.7 Short Blades
 + Level 2.7 Dodging
 + Level 2.2 Stealth
 * Level 4.6 Spellcasting


You had one spell level left.
You knew the following spells:

 Your Spells              Type           Power      Damage    Failure   Level
a - Sting                 Tmut/Pois      76%        1d6       2%          1
b - Poisonous Vapours     Pois/Air       38%        N/A       3%          2
c - Mephitic Cloud        Conj/Pois/Air  19%        N/A       7%          3
d - Olgreb's Toxic Radia  Pois           19%        N/A       22%         4
e - Sandblast             Erth           38%        2d10      2%          1
f - Static Discharge      Conj/Air       19%        N/A       3%          2
Your spell library was empty.

Dungeon Overview and Level Annotations

Branches:
Dungeon (4/15)
 Temple: D:4-7

Altars:
Trog
Yredelemnul


Innate Abilities, Weirdness & Mutations

You are immune to sickness and miasma.
You are immune to poison.
Your flesh is very heat resistant. (rF++)
You are vulnerable to cold. (rC-)
You float through the air rather than walking.
You learn spells naturally, not from books.
Your magical power is your life essence.
You have superior vitality. (+4 HP)


Message History

You hit the hobgoblin but do no damage.
The hobgoblin is moderately wounded.
The hobgoblin hits you.
* * * LOW HITPOINT WARNING * * *
You hit the hobgoblin but do no damage.
The hobgoblin is moderately wounded.
The hobgoblin hits you.
* * * LOW HITPOINT WARNING * * *
You hit the hobgoblin.
The hobgoblin is heavily wounded.
The hobgoblin closely misses you.
You barely miss the hobgoblin.
The hobgoblin is heavily wounded.
You are too injured to fight recklessly!
Aiming: Sting (safe; 2% risk of failure)
Press: ? - help, Q - select action, (/) - cycle Shift-Dir - straight line, f - hobgoblin
Aim: a hobgoblin, quivering poisoned darts (heavily wounded, 74% to hit)
The sting hits the hobgoblin.
The hobgoblin is poisoned.
The hobgoblin is almost dead.
* * * LOW HITPOINT WARNING * * *
You kill the hobgoblin!
d - a scroll labelled LAURAAF YN MYO
Things that are here:
20 poisoned darts; a hobgoblin corpse Unknown command.
f - 20 poisoned darts You see here a +2 battleaxe of flaming.
An orc comes into view. It is wielding a +0 club.
Found an escape hatch in the floor.
The orc shouts!
A necrophage comes into view.
An orc priest comes into view. It is wielding a +0 short sword.
Found 14 arrows.
The orc priest shouts!
An orc comes into view. It is wielding a +0 hand axe.
You see here a +2 battleaxe of flaming.
You see here a hobgoblin corpse.
The orc priest calls down the wrath of Beogh upon you.
Beogh smites you!
You die...

... #.......#
...##.......#
.........oo#
...........# ##....†..#
#........# #........#
##.......#
#...@##########
#....≈≈≈≈≈≈≈.≈# .#
#########...##########
... #......##..)....#
.>...#......##.......#
...†.#..(...##.......##
.....††)[[.)......)...#
#...###.....##........#
....##########.......<#


You could see an orc priest and an orc.

Vanquished Creatures
  A hound (D:4)
  A centaur skeleton (D:4)
  A bullfrog skeleton (D:4)
  Natasha (thrice) (D:3)
  4 adders (D:3)
  4 worms
  A dart slug (D:3)
  5 orcs
  5 bats
  6 endoplasms
  6 giant cockroaches
  6 goblins
  8 hobgoblins
  6 jackals
  5 quokkas
  7 ball pythons
  3 frilled lizards
  5 kobolds
  3 rats
80 creatures vanquished.

Notes
Turn   | Place    | Note
-------+----------+-------------------------------------------
     0 | D:1      | MacCMillion the Djinni Venom Mage began the quest for the
                  | Orb.
     0 | D:1      | Reached XP level 1. HP: 15/15 MP: 0/0
   265 | D:1      | Reached XP level 2. HP: 19/21 MP: 0/0
   555 | D:1      | Reached skill level 3 in Spellcasting
   556 | D:1      | HP: 1/21 [jackal (2)]
   995 | D:1      | Reached XP level 3. HP: 25/25 MP: 0/0
   995 | D:1      | Learned a level 1 spell: Sandblast
  1863 | D:2      | You are sucked into a shaft and drop 1 floor!
  1941 | D:3      | Noticed Natasha
  1951 | D:3      | Killed Natasha
  1952 | D:3      | Reached XP level 4. HP: 29/31 MP: 0/0
  1985 | D:3      | Found a bloodstained altar of Trog.
  2204 | D:3      | Noticed Natasha
  2211 | D:3      | Killed Natasha
  2212 | D:3      | Reached skill level 1 in Fighting
  2405 | D:3      | Reached XP level 5. HP: 23/37 MP: 0/0
  2405 | D:3      | Learned a level 2 spell: Static Discharge
  2776 | D:3      | Found a basalt altar of Yredelemnul.
  2814 | D:3      | Noticed Natasha
  2836 | D:3      | Killed Natasha
  2837 | D:3      | Reached skill level 4 in Spellcasting
  3946 | D:2      | Found a faded altar of an unknown god.
  4695 | D:4      | Reached XP level 6. HP: 10/42 MP: 0/0
  4712 | D:4      | HP: 1/43 [centaur skeleton (4)]
  5693 | D:4      | Noticed a necrophage
  5702 | D:4      | Killed from afar by an orc priest

Illustrated notes

Levels and vault maps discovered:
D:1:      minmay_arrival_five_plusses, layout_basic
D:2:      layout_basic, shapermc_ecumenical_altar_mp_highgroup
D:3:      minmay_wonky_spiral, layout_rooms, mainiacjoe_overflow_paths,
          amcnicky_altar_gilded, minmay_distorted, uniq_natasha
D:4:      layout_gridville, makhleb_heckhound_becter, portal_sewer_entry_d,
          minmay_ruptured

Skill      XL: |  1  2  3  4  5  6 |
---------------+-------------------+-----
Spellcasting   | 3 4 |  4.6
Fighting       | 1 2 |  2.0
Stealth        | 2 |  2.2
Short Blades   | |  0.7
Dodging        | |  2.7

Action                   |  1- 3 |  4- 6 || total
-------------------------+-------+-------++-------
Melee: Dagger            |    20 |    74 ||    94
 Cast: Sting             |    45 |    79 ||   124
       Poisonous Vapours |       |     8 ||     8
       Mephitic Cloud    |       |     1 ||     1
       Olgreb's Toxic Ra |       |     1 ||     1
       Static Discharge  |       |     1 ||     1
  Use: Scroll            |       |     1 ||     1
       Potion            |       |     2 ||     2
 Stab: Sleeping          |     5 |     6 ||    11
Armor: Robe              |    11 |    37 ||    48
Dodge: Dodged            |    33 |   118 ||   151

Table legend: (Time is in decaauts)
 A = Elapsed time spent in this place.
 B = Non-inter-level travel time spent in this place.
 C = Inter-level travel time spent in this place.
 D = Time resting spent in this place.
 E = Time spent auto-exploring this place.
 F = Levels seen in this place.
 G = Mean time per level.
                   A        B        C        D        E       F      G
               +--------+--------+--------+--------+--------+-----+--------+
         Total |   5699 |   5429 |    270 |   1312 |   3274 |   4 | 1424.8 |
       Dungeon |   5699 |   5429 |    270 |   1312 |   3274 |   4 | 1424.8 |
               +--------+--------+--------+--------+--------+-----+--------+

Top non-repeatable levels by time:
     D:3: 2875 daAuts
     D:1: 1396 daAuts
     D:2: 1155 daAuts
     D:4: 272 daAuts
